 Dungeon Crawl Stone Soup version 0.27.0-1-g7a089689b8 (webtiles) character file.

Game seed: 4203277017518306385

67 backslashecho the Chopper (level 4, -4/40 HPs)
             Began as a Hill Orc Monk on Aug 6, 2021.
             Was a Priest of Fedhas.
             Killed from afar by an orc wizard (7 damage)
             ... with a magic dart
             ... on level 3 of the Dungeon.
             The game lasted 00:07:44 (3515 turns).

backslashecho the Chopper (Hill Orc Monk)           Turns: 3515, Time: 00:07:44

Health: -4/40      AC:  2    Str: 14    XL:     4   Next: 18%
Magic:  4/4        EV: 12    Int: 10    God:    Fedhas [***...]
Gold:   115        SH:  0    Dex: 13    Spells: 3/3 levels left

rFire    . . .     SeeInvis .   a - +0 hand axe
rCold    . . .     Faith    .   (no shield)
rNeg     . . .     Spirit   .   b - +0 robe
rPois    .         Reflect  .   (no helmet)
rElec    .         Harm     .   (no cloak)
rCorr    .         Rampage  .   (no gloves)
Will     .....                  (no boots)
Stlth    +.........             (no amulet)
HPRegen  0.13/turn              (no ring)
MPRegen  0.09/turn              (no ring)

@: confused, on berserk cooldown, slowed, very slow
A: no striking features
a: Renounce Religion, Convert to Beogh, Wall of Briars, Grow Ballistomycete


You were on level 3 of the Dungeon.
You worshipped Fedhas.
Fedhas was most pleased with you.
You visited 1 branch of the dungeon, and saw 3 of its levels.

You collected 115 gold pieces.

Inventory:

Hand Weapons
 a - a +0 hand axe (weapon)
Armour
 b - a +0 robe (worn)
Jewellery
 g - a +6 ring of intelligence
Scrolls
 d - 2 scrolls of teleportation {unknown}
 f - 3 scrolls of identify {unknown}
 i - 3 scrolls of enchant armour {unknown}
Potions
 c - a potion of cancellation {unknown}
 e - a potion of berserk rage
 h - a potion of curing {unknown}
 j - a potion of haste {unknown}
 k - a potion of lignification {unknown}


   Skills:
 + Level 4.1 Fighting
 * Level 5.2 Axes
 + Level 1.6 Armour
 - Level 2.4 Dodging
 - Level 1.5 Stealth
 - Level 1.0 Unarmed Combat
 + Level 0.8 Invocations


You had 3 spell levels left.
You didn't know any spells.
Your spell library was empty.

Dungeon Overview and Level Annotations

Branches:
Dungeon (3/15)

Altars:
Fedhas

Shops:
D:2 [

Annotations:
D:3 Natasha


Message History

Deactivating autopickup; reactivate with Ctrl-A.
You take 1 damage, and have 8/40 hp.
The bat hits you but does no damage.
It was a potion of berserk rage.
A red film seems to cover your vision as you go berserk!
You feel yourself moving faster!
You feel mighty! The bat closely misses you. The endoplasm freezes you.
You are frozen.
* * * LOW HITPOINT WARNING * * *
You now have 12/60 hp.
You feel a strong urge to attack something.
The bat closely misses you.
Found an embroidered scarf.
The bat hits you.
* * * LOW HITPOINT WARNING * * *
You take 1 damage, and have 11/60 hp.
You miss the bat. You miss something.
The orc priest shouts, "Join the one true god or die!"
You slash the endoplasm!
You kill the endoplasm!
Fedhas accepts your kill. The bat closely misses you. Something hits you.
* * * LOW HITPOINT WARNING * * *
You take 2 damage, and have 9/60 hp.
You barely miss something. The bat closely misses you.
The bat barely misses you. The orc hits you with a +0 club.
* * * LOW HITPOINT WARNING * * *
The hobgoblin hits you but does no damage.
You take 3 damage, and have 6/60 hp.
You barely miss something. You closely miss the orc. You miss the hobgoblin.
You closely miss the bat.
You are no longer berserk.
You are exhausted.
You feel yourself slow down. The bat hits you.
* * * LOW HITPOINT WARNING * * *
You hear some strange, mumbled words.
A magic dart appears from out of thin air!
The magic dart hits you!
You die...
Fedhas appreciates your contribution to the ecosystem.

## ..####.#... ###
.# ## ## # ... ..#
#####.# #.....#
##.....# ###.b....#
.########g@{.....#
......$.ro##.?......
########oo##.....###
#o..####.### #..#..#
..# #.###........ ..
........ .#o
......[.# ....
#####.


You could see 2 orc priests, 2 orcs, a hobgoblin, a bat and a rat.

Vanquished Creatures
  An adder (D:3)
  A worm (D:2)
  A dart slug (D:1)
  6 endoplasms
  2 giant cockroaches
  6 goblins
  6 hobgoblins
  4 kobolds
  7 quokkas
  4 ball pythons
  3 bats
  3 frilled lizards (D:1)
  4 rats
48 creatures vanquished.

Notes
Turn   | Place    | Note
-------+----------+-------------------------------------------
     0 | D:1      | backslashecho the Hill Orc Monk began the quest for the
                  | Orb.
     0 | D:1      | Reached XP level 1. HP: 19/19 MP: 1/1
   223 | D:1      | Reached XP level 2. HP: 19/27 MP: 2/2
   794 | D:1      | Reached skill level 1 in Unarmed Combat
   828 | D:1      | Reached skill level 1 in Armour
  1050 | D:1      | Reached XP level 3. HP: 27/33 MP: 3/3
  1825 | D:2      | Found Wosiugyzim's Armour Shop.
  2128 | D:2      | Found a faded altar of an unknown god.
  2137 | D:2      | Became a worshipper of Fedhas Madash
  2137 | D:2      | Reached * piety under Fedhas
  2137 | D:2      | Reached ** piety under Fedhas
  2359 | D:2      | Reached skill level 5 in Axes
  2475 | D:2      | Reached *** piety under Fedhas
  3212 | D:3      | Reached XP level 4. HP: 39/40 MP: 4/4
  3334 | D:3      | Noticed Natasha
  3515 | D:3      | Killed from afar by an orc wizard

Illustrated notes

Levels and vault maps discovered:
D:1:      psy_arrival_radial01, layout_loops_ring
D:2:      mumra_celtic_spiral_tile, layout_basic, serial_shops, shop,
          hellmonk_ecumenical_altar_lost_god, minmay_misc_feat_secret_circle
D:3:      layout_rooms, mainiacjoe_overflow_catwalk, minmay_pentomino_pile,
          uniq_jessica, uniq_natasha

Skill      XL: |  1  2  3 |
---------------+----------+-----
Unarmed Combat | 1 |  1.0
Armour         | 1 |  1.6
Fighting       | 4 |  4.1
Axes           | 5 |  5.2
Dodging        | |  2.4
Stealth        | |  1.5
Invocations    | |  0.8

Action                   |  1- 3 |  4- 6 || total
-------------------------+-------+-------++-------
Melee: Hand axe          |   160 |     9 ||   169
Invok: Wall of Briars    |     1 |       ||     1
  Use: Potion            |       |     1 ||     1
 Stab: Sleeping          |     7 |       ||     7
Armor: Robe              |    18 |     6 ||    24
Dodge: Dodged            |    82 |    16 ||    98
